Map: Cyber Forest LE

Players

BratOK (Brat_OK)

  • Race: Terran Terran
  • Spawn Location: 11:00

Has - Winner!

  • Race: Protoss Protoss
  • League: Diamond
  • Spawn Location: 5:00

Event: 2019 WCS Spring

VOD

Have the link to the VOD?

Description

Time

  • Played on: May 17, 2019, 3:25 p.m.
  • Length: 9:24

All games in this series

Show
View Real Time Build Order
Export as new Build Order

BratOK Terran 

Build Orders: Liberator Opening 

Get SALT Encoding   

  12  0:01  SCV  
  13  0:13  SCV  
  14  0:17  Supply Depot  
  14  0:25  SCV  
  15  0:38  SCV  
  15  0:39  Barracks  
  16  0:43  Refinery  
  16  0:50  SCV  
  17  1:02  SCV  
  18  1:15  SCV  
  19  1:27  Orbital Command, Barracks Reactor  
  19  1:42  Command Center  
  19  1:50  Supply Depot  
  19  1:54  SCV  
  20  2:03  Marine x2  
  20  2:07  SCV  
  23  2:16  Factory  
  23  2:21  Marine x2  
  25  2:24  SCV  
  26  2:33  Refinery  
  26  2:36  SCV  
  26  2:39  Marine x2  
  28  2:48  SCV  
  29  2:54  Orbital Command  
  29  2:58  Marine  
  29  2:59  Marine  
  29  3:00  Widow Mine  
  33  3:09  Starport  
  33  3:12  SCV  
  33  3:16  Marine x2  
  35  3:23  Factory Tech Lab  
  34  3:27  SCV  
  34  3:28  SCV  
  34  3:30  Liberator  
  36  3:35  Marine  
  36  3:36  Marine  
  36  3:37  Supply Depot  
  36  3:39  SCV  
  37  3:45  Siege Tank  
  43  3:50  SCV  
  43  3:55  Marine x2  
  46  3:59  SCV, Supply Depot  
  45  4:12  SCV, Marine  
  45  4:13  Marine  
  47  4:26  Cyclone  
  47  4:29  Supply Depot  
  47  4:30  SCV  
  51  4:37  Viking  
  53  4:41  SCV  
  53  4:42  SCV  
  53  4:44  Marine x2  
  57  4:52  Supply Depot  
  57  4:53  SCV  
  57  4:58  Supply Depot  
  59  5:00  SCV  
  59  5:05  Siege Tank  
  62  5:09  SCV, Liberator  
  62  5:12  SCV  
  64  5:14  Supply Depot  
  64  5:22  SCV  
  64  5:24  SCV  
  64  5:26  Marine  
  64  5:27  Marine  
  71  5:34  SCV  
  72  5:36  SCV  
  70  5:46  SCV  
  70  5:47  Siege Tank  
  70  5:48  SCV  
  75  5:58  SCV  
  75  6:02  SCV  
  75  6:03  Command Center  
  77  6:04  Marine x2  
  79  6:16  Bunker  
  79  6:19  Siege Tank  
  79  6:22  Marine x2  
  84  6:27  Barracks  
  74  6:40  SCV, Marine x2  
  69  6:52  SCV  
  70  6:57  Marine  
  70  6:58  Marine  
  70  7:00  SCV  
  70  7:01  Barracks  
  73  7:02  Barracks  
  73  7:04  SCV  
  73  7:05  Barracks  
  73  7:06  Viking  
  73  7:12  SCV  
  73  7:15  Marine x2  
  74  7:16  SCV  
  74  7:17  Bunker  
  74  7:20  Siege Tank, Marine  
  72  7:25  SCV  
  66  7:33  Orbital Command, Marine  
  66  7:35  Bunker  
  62  7:40  Barracks Tech Lab  
  62  7:46  SCV x2  
  62  7:49  Refinery x2  
  62  7:50  Engineering Bay x2  
  61  7:53  Barracks Tech Lab  
  61  7:54  Barracks Reactor, Barracks Tech Lab  
  61  7:58  Marine x2  
  61  8:03  Factory Reactor  
  63  8:06  SCV  
  63  8:07  Orbital Command  
  63  8:10  Supply Depot  
  64  8:16  Marine x2  
  64  8:18  Marine x3  
  69  8:22  Supply Depot  
  69  8:30  Marine x2  
  71  8:34  Marine x2  
  71  8:36  Marine x2  
  69  8:52  Marine x2  
  73  8:56  Bunker  
  73  8:57  Bunker  
Show
View Real Time Build Order
Export as new Build Order

Has Protoss - Winner!

Build Orders: 1 Gate Expand, Oracle Opening 

Get SALT Encoding   

  12  0:00  Probe  
  13  0:12  Probe  
  14  0:17  Pylon  
  14  0:25  Probe  
  15  0:34  Probe  
  15  0:36  Gateway  
  15  0:42  Probe  
  16  0:48  Assimilator  
  17  0:52  Probe  
  18  1:04  Probe  
  19  1:16  Probe  
  20  1:22  Cybernetics Core  
  22  1:27  Pylon  
  20  1:39  Nexus  
  20  1:43  Probe  
  21  1:48  Assimilator, Adept  
  21  1:55  Probe  
  24  2:04  Pylon  
  24  2:07  Probe  
  25  2:10  Stalker  
  25  2:20  Probe  
  28  2:32  Probe  
  28  2:33  Stalker  
  28  2:34  Stargate  
  31  2:45  Probe  
  31  2:50  Warp Gate  
  32  2:52  Probe  
  32  2:57  Probe  
  34  3:04  Probe  
  35  3:09  Probe  
  36  3:14  Oracle  
  36  3:16  Probe  
  37  3:21  Probe  
  41  3:27  Pylon  
  41  3:28  Probe  
  41  3:33  Probe  
  43  3:40  Probe  
  44  3:45  Probe  
  44  3:47  Robotics Facility  
  44  3:48  Gateway  
  43  3:52  Probe, Gateway  
  44  3:58  Probe  
  45  4:05  Probe  
  46  4:10  Probe  
  46  4:14  Phoenix  
  46  4:16  Assimilator  
  46  4:17  Probe  
  50  4:18  Pylon  
  50  4:20  Pylon  
  50  4:28  Observer  
  50  4:35  Probe x2, Pylon  
  53  4:39  Stalker  
  53  4:41  Twilight Council  
  53  4:42  Forge  
  55  4:47  Probe  
  55  4:48  Immortal  
  60  4:59  Nexus  
  60  5:10  Gateway  
  60  5:14  Stalker x2  
  64  5:27  Immortal  
  58  5:33  Charge  
  58  5:38  Zealot x2  
  58  5:41  Sentry  
  68  5:47  Pylon  
  68  6:02  Zealot, Stalker  
  72  6:04  Zealot  
  72  6:08  Gateway  
  72  6:11  Gateway  
  74  6:18  Zealot  
  76  6:25  Zealot  
  78  6:27  Zealot x2  
  78  6:28  Pylon  
  80  6:38  Warp Prism  
  62  6:47  Zealot x2  
  62  6:48  Zealot x2  
  72  7:07  Zealot  
  72  7:08  Zealot x5, Protoss Ground Armor Level 1  
  81  7:16  Probe  
  81  7:17  Probe  
  81  7:18  Warp Prism  
  73  7:29  Stalker x3  
  77  7:30  Probe  
  77  7:31  Probe  
  79  7:37  Probe  
  79  7:39  Assimilator  
  79  7:40  Sentry  
  79  7:43  Probe x2  
  84  7:49  Observer  
  82  7:53  Zealot x2, Sentry  
  82  7:54  Zealot  
  82  7:58  Probe x2  
  94  8:05  Probe  
  94  8:06  Pylon  
  94  8:21  Pylon x2  
  94  8:23  Pylon  
  94  8:27  Zealot x5  
  102  8:48  Stalker x6  
  102  8:50  Probe x2  
  102  8:51  Probe  
  115  9:02  Assimilator, Probe x2  
  117  9:04  Probe, Pylon  
  110  9:14  Zealot x5  
Tags
 
Add a new tag
Caveats
  • Supply blocks, unpowered buildings, or Contaminate may cause inaccurate times.
  • Supply counts are checked every 10 seconds.